 Dungeon Crawl Stone Soup version 0.22.0-18-ge075c0d (webtiles) character file.

201 digijack the Thaumaturge (level 5, 0/37 HPs)
             Began as a Gnoll Wanderer on Aug 18, 2018.
             Killed by divine providence
             ... invoked by an orc priest
              (13 damage)
             ... on level 4 of the Dungeon.
             The game lasted 00:15:05 (2523 turns).

digijack the Thaumaturge (Gnoll Wanderer)           Turns: 2523, Time: 00:15:05

Health: 0/37       AC:  6    Str: 13    XL:     5   Next: 79%
Magic:  2/16       EV: 12    Int: 15    God:
Gold:   90         SH:  0    Dex: 16    Spells: 8/22 levels left

rFire    . . .     SeeInvis .   e - +1 dagger
rCold    . . .     Gourm    +   (no shield)
rNeg     . . .     Faith    .   d - +0 robe
rPois    .         Spirit   .   (no helmet)
rElec    .         Reflect  .   b - +0 cloak (curse)
rCorr    +         Harm     .   l - +0 pair of gloves
MR       .....                  i - +1 pair of boots
Stlth    ++........             j - amulet of the gourmand
HPRegen  0.12/turn              a - ring of resist corrosion
MPRegen  0.15/turn              (no ring)

@: no status effects
A: distributed training, fangs 1, strong nose
a: no special abilities


You were on level 4 of the Dungeon.
You were completely stuffed.

You visited 1 branch of the dungeon, and saw 4 of its levels.

You collected 90 gold pieces.

Inventory:

Hand Weapons
 e - a +1 dagger (weapon)
Missiles
 c - 75 stones
 g - 11 tomahawks (quivered)
Armour
 b - a cursed +0 cloak (worn)
 d - a +0 robe (worn)
 i - a +1 pair of boots (worn)
 l - a +0 pair of gloves (worn)
Jewellery
 a - a ring of resist corrosion (left hand)
 j - an amulet of the gourmand (around neck)
Wands
 n - a wand of digging (15)
Scrolls
 h - 4 scrolls of teleportation
Potions
 k - a potion of invisibility
Comestibles
 f - 2 rations
 m - a chunk of flesh


   Skills:
 + Level 1.6 Fighting
 + Level 1.6 Short Blades
 + Level 1.6 Long Blades
 + Level 1.6 Axes
 + Level 1.6 Maces & Flails
 + Level 1.6 Polearms
 + Level 1.6 Staves
 + Level 1.6 Slings
 + Level 1.6 Bows
 + Level 1.6 Crossbows
 + Level 1.6 Throwing
 + Level 1.6 Armour
 + Level 1.6 Dodging
 + Level 1.6 Stealth
 + Level 3.0 Shields
 + Level 1.6 Unarmed Combat
 + Level 9.4 Spellcasting
 + Level 2.4 Conjurations
 + Level 1.2 Hexes
 + Level 1.2 Charms
 + Level 2.4 Summonings
 + Level 1.2 Necromancy
 + Level 4.0 Translocations
 + Level 1.2 Transmutations
 + Level 1.2 Fire Magic
 + Level 1.2 Ice Magic
 + Level 1.2 Air Magic
 + Level 1.2 Earth Magic
 + Level 1.2 Poison Magic
 + Level 1.8 Invocations
 + Level 3.0 Evocations


You had 8 spell levels left.
You knew the following spells:

 Your Spells              Type           Power        Failure   Level  Hunger
b - Call Imp              Summ           ##......     6%          2    None
c - Throw Frost           Conj/Ice       ##....       8%          2    None
d - Blink                 Tloc           N/A          3%          2    None
e - Slow                  Hex            ##......     10%         2    None
f - Mephitic Cloud        Conj/Pois/Air  ##......     16%         3    #......
g - Conjure Flame         Conj/Fire      ##......     14%         3    #......

Your spell library contained the following spells:

 Spells                   Type           Power        Failure   Level  Hunger
 Magic Dart               Conj           ##..         3%          1    None
 Ensorcelled Hibernation  Hex/Ice        ##....       10%         2    None


Dungeon Overview and Level Annotations

Branches:
Dungeon (4/15)
 Temple: D:4-7

Altars:
Zin


Innate Abilities, Weirdness & Mutations

Your experience applies equally to all skills.
You have very sharp teeth.
Your uncanny sense of smell can sniff out nearby items.


Message History

Your shadow imp hits the orc priest.
The orc priest dies!
Casting: Call Imp (safe; 6% risk of failure)
Confirm with . or Enter, or press ? or * to list all spells.
Okay, then.
The orc hits your white imp with a dagger.
Your crimson imp blinks!
The orc priest hits your white imp with a mace.
Your white imp hits the orc priest.
Your white imp freezes the orc priest.
The orc hits your shadow imp with a dagger.
The orc priest hits your white imp with a mace!
Your white imp dies!
Your shadow imp hits the orc but does no damage.
The orc completely misses your shadow imp.
The orc priest hits your shadow imp with a mace.
Your shadow imp misses the orc.
Your shadow imp disappears in a puff of smoke!
The orc priest mumbles some strange prayers to Beogh against you.
Beogh smites you!
You die...

###############o
...$..........<
###......##.###
#...@..o.'.....
#.#....$o##5##
#.#...####
#.#...# #.#####
#.#
#.#########..
#.#<.........
#.###...###.


You could see an orc priest, an orc and a friendly crimson imp.

Vanquished Creatures
  An adder (D:2)
  3 dart slugs
  2 leopard geckos (D:3)
  3 orcs
  3 bats
  5 giant cockroaches
  4 goblins
  5 hobgoblins
  7 jackals
  A quokka (D:3)
  A ball python (D:2)
  3 frilled lizards
  6 kobolds
  5 rats
49 creatures vanquished.

Vanquished Creatures (collateral kills)
  Sigmund (D:2)
  An orc priest (D:4)
  4 adders (D:3)
  An ooze (D:1)
  2 worms
  An orc (D:3)
  A giant cockroach (D:4)
  A goblin (D:1)
  2 jackals
  2 kobolds
  A rat (D:1)
17 creatures vanquished.

Grand Total: 66 creatures vanquished

Notes
Turn   | Place    | Note
-------+----------+-------------------------------------------
     0 | D:1      | Reached skill level 9 in Spellcasting
     0 | D:1      | digijack the Gnoll Wanderer began the quest for the Orb.
     0 | D:1      | digijack set off with: a potion of lignification, a +0 robe, a +0 dagger, a ration
     0 | D:1      | Reached XP level 1. HP: 13/13 MP: 10/10
     2 | D:1      | Learned a level 1 spell: Magic Dart
   159 | D:1      | Reached XP level 2. HP: 9/19 MP: 6/12
   330 | D:1      | Learned a level 2 spell: Call Imp
   333 | D:1      | Learned a level 2 spell: Throw Frost
   336 | D:1      | Learned a level 2 spell: Blink
   982 | D:2      | Learned a level 2 spell: Slow
  1010 | D:2      | Reached XP level 3. HP: 22/25 MP: 10/13
  1187 | D:2      | Noticed Sigmund
  1198 | D:2      | Killed Sigmund
  1198 | D:2      | Reached skill level 1 in Fighting
  1198 | D:2      | Reached skill level 1 in Short Blades
  1198 | D:2      | Reached skill level 1 in Long Blades
  1198 | D:2      | Reached skill level 1 in Axes
  1198 | D:2      | Reached skill level 1 in Maces & Flails
  1198 | D:2      | Reached skill level 1 in Polearms
  1198 | D:2      | Reached skill level 1 in Staves
  1198 | D:2      | Reached skill level 1 in Slings
  1198 | D:2      | Reached skill level 1 in Bows
  1198 | D:2      | Reached skill level 1 in Crossbows
  1198 | D:2      | Reached skill level 1 in Throwing
  1198 | D:2      | Reached skill level 1 in Armour
  1198 | D:2      | Reached skill level 1 in Dodging
  1198 | D:2      | Reached skill level 1 in Stealth
  1198 | D:2      | Reached skill level 1 in Unarmed Combat
  1198 | D:2      | Reached skill level 1 in Hexes
  1198 | D:2      | Reached skill level 1 in Charms
  1198 | D:2      | Reached skill level 1 in Necromancy
  1198 | D:2      | Reached skill level 1 in Transmutations
  1198 | D:2      | Reached skill level 1 in Fire Magic
  1198 | D:2      | Reached skill level 1 in Ice Magic
  1198 | D:2      | Reached skill level 1 in Air Magic
  1198 | D:2      | Reached skill level 1 in Earth Magic
  1198 | D:2      | Reached skill level 1 in Poison Magic
  1198 | D:2      | Reached skill level 1 in Invocations
  1198 | D:2      | Reached XP level 4. HP: 32/32 MP: 5/15
  1198 | D:2      | Reached XP level 5. HP: 37/37 MP: 5/16
  1214 | D:2      | Learned a level 3 spell: Mephitic Cloud
  1218 | D:2      | Learned a level 3 spell: Conjure Flame
  1334 | D:2      | Found a glowing silver altar of Zin.
  2523 | D:4      | Killed from afar by an orc priest

Skill      XL: |  1  2  3  4  5 |
---------------+----------------+-----
Spellcasting   | |  9.4
Conjurations   | 2 |  2.4
Summonings     | 2 |  2.4
Fighting       | 1 |  1.6
Short Blades   | 1 |  1.6
Long Blades    | 1 |  1.6
Axes           | 1 |  1.6
Maces & Flails | 1 |  1.6
Polearms       | 1 |  1.6
Staves         | 1 |  1.6
Slings         | 1 |  1.6
Bows           | 1 |  1.6
Crossbows      | 1 |  1.6
Throwing       | 1 |  1.6
Armour         | 1 |  1.6
Dodging        | 1 |  1.6
Stealth        | 1 |  1.6
Unarmed Combat | 1 |  1.6
Hexes          | 1 |  1.2
Charms         | 1 |  1.2
Necromancy     | 1 |  1.2
Transmutations | 1 |  1.2
Fire Magic     | 1 |  1.2
Ice Magic      | 1 |  1.2
Air Magic      | 1 |  1.2
Earth Magic    | 1 |  1.2
Poison Magic   | 1 |  1.2
Invocations    | 1 |  1.8
Shields        | 3 |  3.0
Evocations     | 3 |  3.0
Translocations | 4 |  4.0

Action                   |  1- 3 |  4- 6 || total
-------------------------+-------+-------++-------
Melee: Dagger            |     1 |    23 ||    24
       Bite              |       |     1 ||     1
 Cast: Magic Dart        |    45 |    50 ||    95
       Call Imp          |    13 |    17 ||    30
       Throw Frost       |       |    12 ||    12
  Use: Scroll            |     1 |     3 ||     4
       Potion            |     2 |     1 ||     3
  Eat: Chunk             |     1 |    19 ||    20
Armor: Robe              |       |    21 ||    21
Dodge: Dodged            |     4 |    38 ||    42
